 Dungeon Crawl Stone Soup version 0.24-a0-537-g2d01d4ab0a (webtiles) character file.

Game seed: 5017941980050990735

72 Mithandil the Skirmisher (level 4, -4/35 HPs)
             Began as a Demonspawn Abyssal Knight on Aug 14, 2019.
             Was a Believer of Lugonu.
             Slain by a big kobold
             ... wielding a +0 short sword
              (7 damage)
             ... in a sewer.
             The game lasted 00:10:12 (1872 turns).

Mithandil the Skirmisher (DsAK)                     Turns: 1872, Time: 00:10:12

Health: -4/35      AC:  4    Str: 14    XL:     4   Next: 7%
Magic:  6/6        EV: 11    Int: 13    God:    Lugonu [**....]
Gold:   77         SH:  0    Dex: 12    Spells: 3/3 levels left

rFire    . . .     SeeInvis .   a - +1 falchion
rCold    . . .     Gourm    .   (no shield)
rNeg     . . .     Faith    .   b - +0 leather armour
rPois    .         Spirit   .   (no helmet)
rElec    .         Reflect  .   q - +0 cloak
rCorr    .         Harm     .   (no gloves)
MR       .....                  (no boots)
Stlth    +++.......             (no amulet)
HPRegen  0.11/turn              i - ring of flight
MPRegen  0.10/turn              (no ring)

@: flying
A: nightstalker 2
a: Depart the Abyss, Bend Space, Renounce Religion, Stop Flying


You were in a sewer.
You worshipped Lugonu.
Lugonu was pleased with you.
You were not hungry.

You visited 1 branch of the dungeon, and saw 3 of its levels.
You visited the Abyss 1 time.
You also visited: Sewer.

You collected 77 gold pieces.

Inventory:

Hand Weapons
 a - a +1 falchion (weapon)
 e - a +0 whip
 p - a +0 short sword
 r - a +0 trident
Missiles
 g - 80 stones (quivered)
 j - 18 arrows
 o - 18 poisoned darts
Armour
 b - a +0 leather armour (worn)
 q - a +0 cloak (worn)
 s - a +0 plate armour
Jewellery
 i - a ring of flight (left hand)
Scrolls
 f - 2 scrolls of identify
 k - a scroll of amnesia
 m - a scroll of teleportation
 n - a scroll of random uselessness {unknown}
Potions
 d - a potion of agility
Comestibles
 c - 4 rations


   Skills:
 + Level 3.2 Fighting
 * Level 2.6 Long Blades
 + Level 2.1 Armour
 + Level 1.2 Dodging
 + Level 0.9 Stealth
 + Level 1.0 Unarmed Combat
 + Level 3.1 Invocations


You had 3 spell levels left.
You didn't know any spells.
Your spell library was empty.

Dungeon Overview and Level Annotations

Branches:
Dungeon (3/15)

Altars:
Ashenzari
Cheibriados
Hepliaklqana
Uskayaw
Yredelemnul


Innate Abilities, Weirdness & Mutations

You are significantly more attuned to the shadows.


Message History

The jackal barely misses you.
You miss the kobold.
The jackal pauses to sniff the water.
The jackal bites you but does no damage.
The big kobold hits you but does no damage.
The kobold hits you. The jackal barely misses you.
You hit the big kobold.
The big kobold is heavily wounded.
The jackal bites you. The kobold hits you.
The big kobold hits you with a +0 short sword.
* * * LOW HITPOINT WARNING * * *
The jackal splashes around in the water.
The kobold hits you.
* * * LOW HITPOINT WARNING * * *
The big kobold hits you with a +0 short sword.
* * * LOW HITPOINT WARNING * * *
The jackal bites you.
* * * LOW HITPOINT WARNING * * *
The big kobold hits you with a +0 short sword!
You die...

#############.≈≈≈≈≈.#
≈≈≈≈≈≈≈≈≈≈≈≈≈≈≈≈≈≈.≈#
#############..≈≈≈≈.#
#≈.≈≈≈..# #.≈≈≈≈≈.#
#.≈≈≈≈≈≈# #.≈≈≈≈≈≈#
#.≈≈≈≈≈≈# #..≈@≈..#
#.≈h†K..# ####K####


.KK ..... ≈≈....# .≈.....# You could see a big kobold, a jackal and 3 kobolds.

Vanquished Creatures
  An adder (D:2)
  3 dart slugs
  3 leopard geckos
  6 bats
  5 giant cockroaches
  4 goblins
  5 hobgoblins
  8 jackals
  4 kobolds
  4 frilled lizards
  3 rats
46 creatures vanquished.

Notes
Turn   | Place    | Note
-------+----------+-------------------------------------------
     0 | Abyss:1  | Mithandil the Demonspawn Abyssal Knight began the quest for
                  | the Orb.
     0 | Abyss:1  | Reached XP level 1. HP: 18/18 MP: 2/2
    83 | D:1      | Escaped the Abyss
   130 | D:1      | Reached skill level 1 in Dodging
   373 | D:1      | Gained mutation: You are slightly more attuned to the
                  | shadows. [demonic ancestry]
   373 | D:1      | Reached XP level 2. HP: 24/24 MP: 4/4
   487 | D:1      | Reached ** piety under Lugonu
   932 | D:1      | Gained mutation: You are significantly more attuned to the
                  | shadows. [demonic ancestry]
   932 | D:1      | Reached XP level 3. HP: 27/29 MP: 5/5
  1081 | D:2      | Found a basalt altar of Yredelemnul.
  1460 | D:3      | Found a hide-covered altar of Uskayaw.
  1460 | D:3      | Found a shattered altar of Ashenzari.
  1461 | D:3      | Found a snail-covered altar of Cheibriados.
  1493 | D:3      | Found a hazy altar of Hepliaklqana.
  1604 | D:3      | Found a glowing drain.
  1623 | D:3      | Reached XP level 4. HP: 16/35 MP: 6/6
  1624 | D:3      | Reached skill level 1 in Unarmed Combat
  1687 | Sewer    | Entered a sewer
  1860 | Sewer    | Noticed a big kobold
  1872 | Sewer    | Slain by a big kobold

Levels and vault maps discovered:
D:1:      matt_arrival_los_fun, layout_basic
D:2:      layout_basic, lemuel_round_altar, trog_hazing_becter
D:3:      layout_basic, nicolae_overflow_quartered_altars, gup_sewer_entry_pipe,
          first_ration
Sewer:    sewer_kobolds

Skill      XL: |  1  2  3  4 |
---------------+-------------+-----
Dodging        | 1 |  1.2
Long Blades    | 2 |  2.6
Armour         | 2 |  2.1
Invocations    | 3 |  3.1
Unarmed Combat | 1 |  1.0
Fighting       | |  3.2
Stealth        | |  0.9

Action                   |  1- 3 |  4- 6 || total
-------------------------+-------+-------++-------
Melee: Falchion          |   109 |    12 ||   121
       Punch             |     2 |       ||     2
 Abil: Evoke Flight      |       |     1 ||     1
  Use: Scroll            |     5 |       ||     5
       Potion            |     3 |     1 ||     4
 Stab: Sleeping          |     7 |     1 ||     8
  Eat: Chunk             |     2 |     1 ||     3
Armor: Leather armour    |    42 |     7 ||    49
Dodge: Dodged            |    73 |     6 ||    79
       Rpst.: Falchion   |    17 |     2 ||    19

Table legend:
 A = Non-vault XP
 B = Vault XP
 C = Vault XP percentage of total XP
 D = Non-vault monster count
 E = Vault monster count
 F = Vault count percentage of total count
                 A         B        C        D         E       F
            +---------+---------+-------+---------+---------+-------
      Total |      89 |      15 |  14.4 |      38 |       8 |  17.4
            +---------+---------+-------+---------+---------+-------
        D:1 |      39 |       0 |   0.0 |      19 |       0 |   0.0
        D:2 |      43 |       0 |   0.0 |      15 |       0 |   0.0
        D:3 |       7 |      11 |  61.1 |       4 |       5 |  55.6
      Sewer |       0 |       4 | 100.0 |       0 |       3 | 100.0
            +---------+---------+-------+---------+---------+-------
